 Dungeon Crawl Stone Soup version 0.29-a0-43-g62a80824bf (webtiles) character file.

Game seed: 2178663151537947683

98 crazypyro the Skirmisher (level 4, -3/37 HPs)
             Began as a Demonspawn Berserker on Feb 2, 2022.
             Was a Believer of Trog.
             Slain by a gnoll (6 damage)
             ... on level 2 of the Dungeon.
             The game lasted 00:01:07 (1442 turns).

crazypyro the Skirmisher (Demonspawn Berserker)     Turns: 1442, Time: 00:01:08

Health: -3/37      AC:  2    Str: 20    XL:     4   Next: 44%
Magic:  4/4        EV: 12    Int:  8    God:    Trog [**....]
Gold:   33         SH:  0    Dex: 12    Spells: 3/3 levels left

rFire   . . .      SeeInvis .   a - +0 hand axe
rCold   . . .      Faith    .   (no shield)
rNeg    . . .      Spirit   .   b - +0 animal skin
rPois   .          Reflect  .   (no helmet)
rElec   .          Harm     .   (no cloak)
rCorr   .          Rampage  .   (no gloves)
Will    .....                   (no boots)
Stlth   +.........              (no amulet)
HPRegen 0.12/turn               (no ring)
MPRegen 0.09/turn               (no ring)

@: no status effects
A: hooves 2, foul stench 1
a: Renounce Religion, Berserk, Trog's Hand


You were on level 2 of the Dungeon.
You worshipped Trog.
Trog was pleased with you.
You visited 1 branch of the dungeon, and saw 2 of its levels.

You collected 33 gold pieces.

Inventory:

Hand Weapons
 a - a +0 hand axe (weapon)
Armour
 b - a +0 animal skin (worn)
Potions
 d - a potion of resistance {unknown}


   Skills:
 + Level 3.7 Fighting
 + Level 3.3 Axes
 + Level 2.5 Armour
 + Level 2.6 Dodging


You had 3 spell levels left.
You didn't know any spells.
Your spell library was empty.

Dungeon Overview and Level Annotations

Branches:
Dungeon (2/15)

Altars:


Innate Abilities, Weirdness & Mutations

You have hoof-like feet.
You may rarely emit foul miasma when damaged in melee.


Message History

The hobgoblin is severely wounded.
The hobgoblin closely misses you.
You hit the hobgoblin.
You kill the hobgoblin!
Trog accepts your kill.
Found a scroll labelled SABREGE QAQER.
Things that are here:
a +0 whip; a +2 spectral club; a +0 robe
There is a stone staircase leading up here. 2 gnolls come into view.
The gnoll shouts! x2
The gnoll throws a throwing net.
The throwing net barely misses you.
A gnoll comes into view. It is wielding a +0 spear.
There are monsters nearby!
You see here a scroll labelled SABREGE QAQER.
The gnoll shouts!
The gnoll barely misses you.
You hit the gnoll. You kick the gnoll, but do no damage.
The gnoll is moderately wounded.
You hit the gnoll.
The gnoll hits you from afar with a +0 spear.
The gnoll misses you.
You barely miss the gnoll.
The gnoll is moderately wounded.
You hit the gnoll. The gnoll hits you with a +0 club.
The gnoll hits you from afar with a +0 spear.
The gnoll hits you with a +0 flail.
You hit the gnoll. You kick the gnoll.
The gnoll is severely wounded.
You hit the gnoll. The gnoll hits you with a +0 club!
The gnoll hits you from afar with a +0 spear.
* * * LOW HITPOINT WARNING * * *
The gnoll barely misses you. The gnoll closely misses you.
The gnoll hits you with a +0 club!
* * * LOW HITPOINT WARNING * * *
You hit the gnoll but do no damage. You kick the gnoll.
The gnoll is almost dead.
You hit the gnoll. The gnoll barely misses you.
The gnoll hits you with a +0 club.
You die...

......# #. .#
......# #. .#
......# #.##.#
.##..## #..#.#
.###.#####...# .#
#...)##..### .#
####.....(.### .#
#.<.....?.#####..#
##
#...>...#.@g......
#.........g.......
#.##.....###g.....
........### ......
##.####.## .....
.. #.# ..... # ..#
### ####


You could see 3 gnolls.

Vanquished Creatures
  Jessica (D:2)
  2 adders (D:2)
  2 worms (D:2)
  3 dart slugs (D:1)
  2 endoplasms
  3 giant cockroaches (D:2)
  8 hobgoblins
  3 jackals (D:1)
  2 quokkas (D:1)
  4 bats (D:1)
  7 frilled lizards (D:1)
  4 kobolds
  3 rats
44 creatures vanquished.

Notes
Turn   | Place    | Note
-------+----------+-------------------------------------------
     0 | D:1      | crazypyro the Demonspawn Berserker began the quest for the
                  | Orb.
     0 | D:1      | Reached XP level 1. HP: 18/18 MP: 1/1
   234 | D:1      | Gained mutation: You have large cloven feet. [demonic
                  | ancestry]
   234 | D:1      | Reached XP level 2. HP: 24/24 MP: 2/2
   558 | D:1      | Reached ** piety under Trog
   559 | D:1      | Gained mutation: You have hoof-like feet. [demonic
                  | ancestry]
   559 | D:1      | Reached XP level 3. HP: 21/29 MP: 3/3
  1205 | D:2      | Gained mutation: You may rarely emit foul miasma when
                  | damaged in melee. [demonic ancestry]
  1205 | D:2      | Reached XP level 4. HP: 11/35 MP: 4/4
  1419 | D:2      | Noticed Jessica
  1422 | D:2      | Killed Jessica
  1442 | D:2      | Slain by a gnoll

Illustrated notes

Levels and vault maps discovered:
D:1:      minmay_arrival_arboretum_small, layout_basic, minmay_lizard_pond
D:2:      layout_rooms, minmay_heptomino_o4, uniq_terence, uniq_jessica

Skill      XL: |  1  2 |
---------------+-------+-----
Armour         | 2 |  2.5
Dodging        | 2 |  2.6
Axes           | 3 |  3.3
Fighting       | |  3.7

Action                   |  1- 3 |  4- 6 || total
-------------------------+-------+-------++-------
Melee: Hand axe          |    71 |    10 ||    81
       Punch             |     1 |       ||     1
       Kick              |    12 |     4 ||    16
Invok: Berserk           |     1 |       ||     1
  Use: Scroll            |     5 |       ||     5
 Stab: Sleeping          |     2 |       ||     2
Armor: Animal skin       |    10 |       ||    10
Dodge: Dodged            |    61 |    15 ||    76

Table legend: (Time is in decaauts)
 A = Elapsed time spent in this place.
 B = Non-inter-level travel time spent in this place.
 C = Inter-level travel time spent in this place.
 D = Time resting spent in this place.
 E = Time spent auto-exploring this place.
 F = Levels seen in this place.
 G = Mean time per level.
                   A        B        C        D        E       F      G
               +--------+--------+--------+--------+--------+-----+--------+
         Total |   1460 |   1443 |     17 |      0 |   1277 |   2 |  730.0 |
       Dungeon |   1460 |   1443 |     17 |      0 |   1277 |   2 |  730.0 |
               +--------+--------+--------+--------+--------+-----+--------+

Top non-repeatable levels by time:
     D:1: 814 daAuts
     D:2: 645 daAuts
